 Dungeon Crawl Stone Soup version 0.29.1-1-gd02db6906a (webtiles) character file.

Game seed: 15984920687268061521

234 Demigod47 the Covered (level 5, -17/70 HPs)
             Began as a Minotaur Fighter on Oct 7, 2022.
             Demolished by an ogre
             ... wielding a +0 giant club
              (20 damage)
             ... in the Ecumenical Temple.
             The game lasted 00:07:03 (3194 turns).

Demigod47 the Covered (Minotaur Fighter)            Turns: 3194, Time: 00:07:04

Health: -17/70     AC: 22    Str: 23    XL:     5   Next: 75%
Magic:  4/4        EV:  2    Int:  5    God:
Gold:   173        SH:  4    Dex:  9    Spells: 4/4 levels left

rFire   + . .      SeeInvis .   a - +0 flail
rCold   + . .      Faith    .   c - +0 buckler
rNeg    + . .      Spirit   .   (body armour currently unavailable)
rPois   +          Reflect  .   (helmet currently unavailable)
rElec   +          Harm     .   (cloak currently unavailable)
rCorr   +          Rampage  .   (gloves currently unavailable)
Will    .....      NoTele   +   (boots currently unavailable)
Stlth   +.........              i - amulet of the acrobat
HPRegen 0.21/turn               k - ring of flight
MPRegen 0.09/turn               q - ring of positive energy

@: tree-form, resistant, attractive
A: stationary, stasis, torment immunity, boosted hp, (horns 2), (retaliatory
headbutt)
a: no special abilities


You were in the Ecumenical Temple.
You were a tree.
You visited 2 branches of the dungeon, and saw 5 of its levels.

You collected 173 gold pieces.

Inventory:

Hand Weapons
 a - a +0 flail (weapon)
Missiles
 o - 2 boomerangs (quivered)
Armour
 b - a +0 scale mail (melded)
 c - a +0 buckler (worn)
 s - a +0 pair of gloves (melded)
Jewellery
 i - an amulet of the acrobat (around neck)
 k - a ring of flight (left branch)
 q - a ring of positive energy (right branch)
Wands
 m - a wand of polymorph (9)
Scrolls
 e - 5 scrolls of identify {unknown}
 h - 2 scrolls of amnesia {unknown}
 j - a scroll of summoning {unknown}
 l - 2 scrolls of noise {unknown}
 t - a scroll of silence {unknown}
 v - a scroll of vulnerability {unknown}
 w - 4 scrolls of teleportation {unknown}
 y - a scroll of poison {unknown}
 z - a scroll of enchant weapon {unknown}
Potions
 d - a potion of might
 n - a potion of haste {unknown}
 p - a potion of heal wounds {unknown}
 u - a potion of degeneration {unknown}
 x - a potion of brilliance {unknown}


   Skills:
 + Level 4.5 Fighting
 + Level 4.5 Maces & Flails
 + Level 5.4 Armour
 + Level 0.9 Dodging
 + Level 0.2 Stealth
 + Level 4.3 Shields


You had 4 spell levels left.
You didn't know any spells.
Your spell library was empty.

Dungeon Overview and Level Annotations

Branches:
Dungeon (4/15)             Temple (1/1) D:4

Altars:
Cheibriados
Dithmenos
Elyvilon
Fedhas
Gozag
Nemelex Xobeh
Qazlal
Sif Muna
Wu Jian
Yredelemnul
Lugonu

Annotations:
D:4 Grinder


Innate Abilities, Weirdness & Mutations

You are a tree.
Your roots penetrate the ground, keeping you stationary.
You cannot be teleported.
You are immune to unholy pain and torment.
Your maximum health is greatly increased.
Your equipment is partially melded.
((You have a pair of horns on your head.))
((You reflexively headbutt those who attack you in melee.))


Message History

The hound is almost dead.
The hound bites you but does no damage.
An ogre comes into view. It is wielding a +0 giant club.
The kobold hits you but does no damage. The hound barely misses you.
You barely miss the hound. Your headbutt misses the hound.
The hound is almost dead.
The hound bites you but does no damage. The kobold closely misses you.
You block the hound's attack. The kobold hits you with a +0 dagger.
You closely miss the hound.
The hound is almost dead.
The hound bites you. The kobold hits you with a +0 dagger.
You block the hound's attack. The hound completely misses you.
The kobold completely misses you. The kobold misses you.
The hound barely misses you.
There is an open door here.
The ogre attacks as you move away! The ogre completely misses you.
The hound misses you. You furiously retaliate!
You headbutt the hound!
You kill the hound!
The ogre hits you with a +0 giant club!!
The kobold completely misses you.
There is an open door, spattered with blood here.
You see here a hound corpse.
The kobold attacks as you move away! The kobold hits you but does no damage.
There is a staircase to the Ecumenical Temple here.
You can't go up here!
The ogre hits you with a +0 giant club!!
* * * LOW HITPOINT WARNING * * *
You fly downwards.
Welcome back to the Ecumenical Temple!
There is a staircase back to the Dungeon here.
It was a potion of attraction.
You feel attractive to monsters.
It was a potion of resistance.
You feel protected. You block the ogre's attack.
It was a potion of lignification.
You turn into a tree.
Your +0 pair of gloves melds into your body.
Your +0 scale mail melds into your body.
Your roots penetrate the ground.
The ogre hits you with a +0 giant club!!
You die...

#..###...###≈P.##
... #.....#.....#
#⌠§_#.._..._.⌠..#
.≈#≈#..≈≈.#.....#
._≈###...###._.##
#.## #...# #####
...####.≈#########
.........§≈.....O#
._.§...........#♣#
.≈§§......#.....P#
#..###..§#########
#.## #≈..# ####
≈_.###≈..###._≈##
....#...#≈#.....#
.⌠._#...§.._≈⌠..#
....#.≈..##≈..≈.#
...###...###._.##


You could see an ogre.

Vanquished Creatures
  A hound (D:4)
  Terence (D:3)
  Natasha (twice) (D:2)
  7 adders
  A worm (D:2)
  2 orcs (D:3)
  3 bats
  5 endoplasms
  3 giant cockroaches
  4 goblins
  9 hobgoblins
  5 jackals
  3 quokkas
  5 ball pythons
  5 frilled lizards
  6 kobolds
  3 rats
65 creatures vanquished.

Vanquished Creatures (others)
  2 demonic plants (Temple)
2 creatures vanquished.

Grand Total: 67 creatures vanquished

Notes
Turn   | Place    | Note
-------+----------+-------------------------------------------
     0 | D:1      | Demigod47 the Minotaur Fighter began the quest for the Orb.
     0 | D:1      | Reached XP level 1. HP: 19/19 MP: 0/0
   223 | D:1      | Reached XP level 2. HP: 27/27 MP: 1/1
   419 | D:1      | Reached skill level 4 in Armour
   798 | D:2      | Reached XP level 3. HP: 25/33 MP: 2/2
  1116 | D:2      | Noticed Natasha
  1121 | D:2      | Killed Natasha
  1122 | D:2      | Reached XP level 4. HP: 41/41 MP: 3/3
  1873 | D:2      | Noticed Natasha
  1883 | D:2      | Killed Natasha
  2064 | D:2      | Reached skill level 5 in Armour
  2238 | D:3      | Noticed Terence
  2250 | D:3      | Killed Terence
  2251 | D:3      | Reached XP level 5. HP: 37/47 MP: 4/4
  2397 | D:3      | Found a faded altar of an unknown god.
  2677 | D:3      | Found a basalt altar of Yredelemnul.
  2966 | D:4      | Noticed Grinder
  2985 | D:4      | Found a staircase to the Ecumenical Temple.
  2999 | Temple   | Entered the Ecumenical Temple
  3179 | D:4      | Noticed an ogre
  3190 | D:4      | HP: 1/47 [ogre/+0 giant club (19)]
  3194 | Temple   | Demolished by an ogre

Illustrated notes

Levels and vault maps discovered:
D:1:      heliophobic_arrival_battle_scene, layout_basic,
          minmay_misc_feat_tower, minmay_pentomino_o2
D:2:      layout_basic, chequers_serial_rivers_large_a,
          chequers_hall_statues_wall_a, moated_statue, st_stairs_3,
          grunt_decor_arrowhead, uniq_natasha
D:3:      layout_loops_ring, overflow_temple_1_default,
          hellmonk_ecumenical_altar_blasted, uniq_terence
D:4:      layout_cave_pools, zin_treasury, temple_green,
          minmay_misc_feat_four_crosses, uniq_grinder
Temple:   kb_corrupted_temple

Skill      XL: |  1  2  3  4 |
---------------+-------------+-----
Armour         | 4 5 |  5.4
Fighting       | 4 |  4.5
Shields        | 4 |  4.3
Maces & Flails | 3 4 |  4.5
Dodging        | |  0.9
Stealth        | |  0.2

Action                   |  1- 3 |  4- 6 || total
-------------------------+-------+-------++-------
Melee: Flail             |    49 |   116 ||   165
       Headbutt          |     6 |    15 ||    21
  Use: Potion            |       |     3 ||     3
Armor: Scale mail        |    23 |    71 ||    94
Dodge: Dodged            |    29 |    86 ||   115
Block: Buckler           |    13 |    26 ||    39
